[Event "13th KIIT Festival-A 2022"]
[Site "Bhubaneswar"]
[Date "2022.05.26"]
[Round "6.19"]
[White "Sahu, Sekhar Chandra"]
[Black "Eshan Bhattacharjee"]
[Result "0-1"]
[ECO "D06"]
[WhiteElo "2050"]
[BlackElo "1440"]
[Annotator "TA"]
[PlyCount "118"]
[EventDate "2022.05.15"]
[EventType "swiss"]
[EventCountry "IND"]
[SourceTitle "playchess.com"]
[Source "ChessBase"]
[SourceQuality "1"]
[TimeControl "5400+30"]

1. Nf3 d5 2. c4 Nf6 3. cxd5 Nxd5 4. d4 Bf5 5. g3 e6 (5... Nb4 $5 6. Na3 (6. Qa4+ N8c6 $15) 6... N8c6 $11) 6. Bg2 {[%emt 0:00:08] D06: Queen's Gambit: Symmetrical and Baltic Defences.} Nc6 7. O-O Bd6 8. Nbd2 {[%emt 0:01:30] White is slightly better.} Nf6 {[%emt 0:01:17] Inhibits e4.} 9. Nc4 Be4 {[%emt 0:11:16] [#]} 10. Nxd6+ $146 (10. b3 $14) ({Predecessor:} 10. Ncd2 Bg6 11. b3 O-O 12. Bb2 Qe7 13. h3 Rad8 14. Qc1 Rfe8 15. a3 e5 16. dxe5 Nxe5 17. Nh4 {1-0 (41) Garcia Luque,A (2409)-Pons Sastre,S (2328) Cala Mendia 2001}) 10... cxd6 $11 11. b3 O-O 12. Ba3 Qa5 13. Bxd6 Rfd8 14. Bf4 Bxf3 15. exf3 Nxd4 16. a3 (16. Be3 $11 {remains equal.}) 16... Qb5 {[%emt 0:03:22] Black is much more active. The white rooks are badly placed.} 17. Ra2 {[%emt 0:01:57] Prevents Ne2+.} Nxb3 {[%emt 0:15:05] Pair of Knights!} 18. Qb1 Qd5 (18... Qd3 $17) 19. Rb2 Nd4 20. Kh1 b6 (20... Nxf3 $2 21. Rb3 $18) ({Black should play} 20... Qh5 $11) 21. Bc7 $1 $14 Rdc8 {[%emt 0:02:09] [#]} (21... Nxf3 $2 22. Rb3 Nd2 23. Bxd5 $18) 22. f4 $1 Qh5 (22... Qc5 23. Bxa8) 23. Bxa8 Rxa8 24. f3 {[%emt 0:00:20] Hoping for Be5.} Nxf3 {[%emt 0:00:48][%mdl 8192] [#]} (24... Nd5 $16 25. Be5 Nc6) 25. Qd1 $1 $18 Rc8 26. Rxf3 Nd5 {[%emt 0:00:07][%cal Bf6d5,Bd5e3,Be3c2][%mdl 32] [#]} 27. Be5 (27. f5 $1 $18) 27... Ne3 $1 $14 {[%emt 0:00:52][%mdl 64] Deflection} 28. Qe1 $2 Qxf3+ $19 29. Kg1 Rd8 {[%emt 0:00:41] And now ...Rd1 would win.} 30. Rf2 Qd1 31. Re2 Qxe1+ 32. Rxe1 {[%emt 0:00:01][%mdl 4096] Endgame KRB-KRN} Nc2 33. Rc1 Nxa3 34. Kf2 f6 35. Ba1 Rd2+ 36. Ke3 Rxh2 37. g4 Nc2+ 38. Ke4 Nxa1 39. Rxa1 {[%emt 0:00:32] KR-KR} a5 40. Rb1 Re2+ 41. Kf3 Ra2 42. Rxb6 Kf7 {[%emt 0:00:26] Strongly threatening ...Ra1.} 43. Rb7+ Kf8 $2 (43... Kg6 44. Rb6 Ra3+ 45. Ke4 Ra4+ 46. Ke3 Ra1) 44. Rb8+ Kf7 45. Rb7+ Kg6 {[%emt 0:00:15] ...Ra1 is the strong threat.} 46. Rb6 Ra3+ 47. Ke4 Ra4+ 48. Kf3 Ra3+ 49. Ke4 Rg3 {[%emt 0:00:03] Black is clearly winning.} 50. Rxe6 Rxg4 51. Ra6 h5 52. Rxa5 h4 53. Ra8 Kh7 54. Kf5 Rg3 {[%emt 0:00:34] Threatens to win with ...h3.} 55. Ke6 h3 56. Ra5 Kg6 57. f5+ Kg5 58. Ra8 Rg4 59. Rg8 Kf4 {[%emt 0:00:18] Quite a comeback for Black.  Weighted Error Value: White=0.61/Black=0.33} (59... h2 $142 60. Rxg7+ Kh6 61. Rxg4 h1=Q 62. Rg6+ Kh5) 0-1

[Event "13th KIIT Festival-A 2022"]
[Site "Bhubaneswar"]
[Date "2022.05.26"]
[Round "7.1"]
[White "Aleksandrov, Aleksej"]
[Black "Amonatov, Farrukh"]
[Result "1/2-1/2"]
[ECO "D85"]
[WhiteElo "2492"]
[BlackElo "2622"]
[Annotator "TA"]
[PlyCount "29"]
[EventDate "2022.05.15"]
[EventType "swiss"]
[EventCountry "IND"]
[SourceTitle "playchess.com"]
[Source "ChessBase"]
[SourceQuality "1"]
[TimeControl "5400+30"]

1. d4 Nf6 2. c4 g6 3. Nc3 d5 4. cxd5 Nxd5 5. e4 Nxc3 6. bxc3 Bg7 7. Nf3 $1 {[%emt 0:00:04][%cal Bg1f3,Bf3d2,Bd2b3][%mdl 4] is now more promising than 7.Bc4.} c5 8. Be3 Qa5 9. Nd2 {[%emt 0:00:04] D85: Exchange Grünfeld: Unusual White 7th moves and lines with 7 Nf3.} O-O ({But not} 9... Qxc3 10. Rc1 Qb4 11. Rc4 $14 (11. Rxc5 O-O $14)) 10. Nb3 {[%emt 0:00:02] [#]} Qxc3+ $1 $146 {[%emt 0:00:11][%mdl 8] The position is equal. A relevant novelty.} ({Predecessor:} 10... Qc7 11. Nxc5 Nd7 12. Na4 a6 13. Rc1 b5 14. Nb2 Bb7 15. f3 Qa5 16. Qb3 e5 {0-1 (64) Grischuk,A (2776)-Nepomniachtchi,I (2792) chess24.com INT 2021}) 11. Bd2 Qb2 12. Bc1 Qc3+ 13. Bd2 Qb2 14. Bc1 Qc3+ 15. Bd2 {[%emt 0:01:02] A balanced but interesting game.  Weighted Error Value: White=0.10 (very precise) /Black=0.06 (flawless)} 1/2-1/2

[Event "13th KIIT Festival-A 2022"]
[Site "Bhubaneswar"]
[Date "2022.05.26"]
[Round "7.2"]
[White "Paichadze, Luka"]
[Black "Rahman, Ziaur"]
[Result "1/2-1/2"]
[ECO "B53"]
[WhiteElo "2567"]
[BlackElo "2431"]
[Annotator "TA"]
[PlyCount "75"]
[EventDate "2022.05.15"]
[EventType "swiss"]
[EventCountry "IND"]
[SourceTitle "playchess.com"]
[Source "ChessBase"]
[SourceQuality "1"]
[TimeControl "5400+30"]

1. e4 c5 2. Nf3 d6 3. d4 cxd4 4. Qxd4 Nc6 5. Bb5 Bd7 6. Qd3 Nf6 7. c4 g6 8. O-O Bg7 9. Nc3 O-O 10. h3 a6 11. Bxc6 Bxc6 12. Be3 Nd7 {[%emt 0:02:58] 12...b5 gains popularity. B53: Sicilian: 2...d6: Lines with Qxd4.} (12... b5 $5) 13. Nd4 $1 Nc5 14. Qc2 Ne6 15. Rfd1 {[%emt 0:03:37] [#]} Nxd4 $146 ({Predecessor:} 15... Rc8 16. Nxc6 Rxc6 17. Nd5 b5 18. c5 Nxc5 19. b4 Bxa1 20. Rxa1 e6 21. Nf4 Qc7 {½-½ (33) Benz,G (2554)-Koegler,K (2546) ICCF email 2018}) 16. Bxd4 Qa5 17. Bxg7 Kxg7 18. Nd5 Bxd5 19. Rxd5 Qc7 20. b3 Rac8 21. a4 Qb6 22. a5 Qc6 23. Qc3+ f6 24. Qe3 Rc7 25. Rad1 b6 26. axb6 {[%emt 0:03:34] White is more active.} Rb7 27. R1d3 (27. e5 $5 Qxb6 28. Qxb6 (28. exd6 Qxe3 29. fxe3 exd6 $11) 28... Rxb6 29. exd6 $16) 27... Qxb6 {[%emt 0:04:49] The position is equal.} 28. Qg3 Qb4 29. f4 a5 30. e5 a4 (30... dxe5 {is interesting.} 31. fxe5 a4 32. bxa4 Qxc4 33. a5 Rb1+) 31. bxa4 ({Reject} 31. exf6+ Rxf6 32. bxa4 Qxa4 $17) 31... Qxa4 32. exd6 exd6 33. Rxd6 Qxc4 34. Kh2 Re7 35. f5 Qe4 36. R6d5 Rfe8 37. R3d4 Qe3 38. Qxe3 {[%emt 0:02:05] Weighted Error Value: White=0.08 (flawless) /Black=0.07 (flawless)} 1/2-1/2

[Event "13th KIIT Festival-A 2022"]
[Site "Bhubaneswar"]
[Date "2022.05.26"]
[Round "7.3"]
[White "Stupak, Kirill"]
[Black "Fedorov, Alexei"]
[Result "1/2-1/2"]
[ECO "E87"]
[WhiteElo "2440"]
[BlackElo "2529"]
[Annotator "TA"]
[PlyCount "25"]
[EventDate "2022.05.15"]
[EventType "swiss"]
[EventCountry "IND"]
[SourceTitle "playchess.com"]
[Source "ChessBase"]
[SourceQuality "1"]
[TimeControl "5400+30"]

1. d4 Nf6 2. c4 g6 3. Nc3 Bg7 4. e4 d6 5. f3 O-O 6. Be3 e5 7. d5 Nh5 8. Qd2 Qh4+ 9. Bf2 Qf4 10. Be3 Qh4+ 11. Bf2 Qf4 12. Be3 Qh4+ {[%emt 0:00:08] [#]} 13. Bf2 $146 {[%emt 1:36:30] E87: King's Indian: Sämisch: 6...e5 7 d5.} ({White should play} 13. g3 $16 Qe7 14. Nge2) ({Predecessor:} 13. g3 Nxg3 14. Qf2 Nxf1 15. Qxh4 Nxe3 16. Qf2 Nxc4 17. Qe2 Nb6 18. h4 h5 19. O-O-O c6 20. Kb1 Rd8 21. Nh3 cxd5 22. Nxd5 Nc6 23. Nxb6 axb6 24. Ng5 Nd4 25. Rxd4 exd4 26. Qb5 {½-½ (24) Khenkin,I (2624)-Jakubiec,A (2528) Bad Wiessee 2011}) 1/2-1/2

[Event "13th KIIT Festival-A 2022"]
[Site "Bhubaneswar"]
[Date "2022.05.26"]
[Round "7.4"]
[White "Savchenko, Boris"]
[Black "Azaladze, Shota"]
[Result "1-0"]
[ECO "B29"]
[WhiteElo "2524"]
[BlackElo "2420"]
[Annotator "TA"]
[PlyCount "93"]
[EventDate "2022.05.15"]
[EventType "swiss"]
[EventCountry "IND"]
[SourceTitle "playchess.com"]
[Source "ChessBase"]
[SourceQuality "1"]
[TimeControl "5400+30"]

1. e4 c5 2. Nf3 Nf6 3. e5 Nd5 4. Nc3 Nxc3 5. dxc3 Nc6 6. Bf4 e6 7. h4 {[%emt 0:04:18] B29: Sicilian: 2 Nf3 Nf6 (Nimzowitsch Variation).} Be7 8. Bc4 {[%emt 0:01:47] [#]} h6 $146 ({Predecessor:} 8... b6 9. Rh3 Bb7 10. Rg3 g6 11. Qd2 Bxh4 12. Nxh4 Qxh4 13. O-O-O Qd8 14. Rd3 Bc8 15. Bb5 {1-0 (23) Petrov,V (2087)-Yordanov,G (1750) Sofia 2015}) 9. Qe2 {[%emt 0:00:24] White is slightly better.} b6 10. O-O-O Qc7 11. Rd2 {[%emt 0:09:17] 0x0.0024a8888a70dp-1022s more active pieces. The black rooks are badly placed.} ({White should try} 11. Rh3 $14) 11... Bb7 12. Rhd1 O-O-O 13. Kb1 Rhg8 14. Bg3 Na5 15. Bd3 Kb8 16. h5 Bc6 17. Ba6 g6 $1 18. hxg6 (18. Bb5 {seems wilder.} Bxb5 19. Qxb5 gxh5 20. Rxd7 h4 21. Nxh4 Rxd7 22. Qxd7 Qxd7 23. Rxd7 Bxh4 24. Bxh4 Rxg2 25. b3) 18... fxg6 19. a3 c4 ({Black should play} 19... Bb7 $14) 20. Nd4 $1 $16 {[%emt 0:03:13] aiming for Nb5.} Bb7 21. Bxb7 Nxb7 22. f4 a6 23. Bf2 Rgf8 24. Qg4 Nc5 25. Qxg6 {[%emt 0:01:44] Hoping for Qh7.} Rxf4 26. Be3 Rff8 27. Bxh6 Rg8 28. Qf7 Bg5 29. Bxg5 Rxg5 {[%emt 0:00:20] [#]} 30. Qe7 (30. Nxe6 $1 $18 {[%mdl 512] and White stays clearly on top.} Nxe6 31. Rxd7 Rxe5 32. Ka2) 30... Rdg8 $2 {[%emt 0:03:37][%mdl 8192] [#] This move loses the game for Black.} (30... Rgg8 $16) 31. Nxe6 $1 $18 dxe6 (31... Rxe5 32. Qf7) 32. Rd8+ Kb7 {[%emt 0:00:07] [#]} 33. R8d7 $1 Nxd7 (33... Qxd7 34. Rxd7+) 34. Rxd7 Qxd7 35. Qxd7+ {[%emt 0:00:05][%mdl 4096] Endgame KQ-KRR} Kb8 36. Qc6 Rc8 37. Qxb6+ Ka8 38. Qxa6+ Kb8 39. Qb6+ Ka8 40. Qxe6 Rc7 41. g4 Kb7 42. a4 Rgg7 43. a5 Rc6 44. Qd5 {[%emt 0:00:15] Strongly threatening Qb5+.} Kc7 45. Ka2 Rxg4 46. e6 Rg8 47. Qd7+ {[%emt 0:00:09] Weighted Error Value: White=0.14 (very precise) /Black=0.19 (very precise)} 1-0

[Event "13th KIIT Festival-A 2022"]
[Site "Bhubaneswar"]
[Date "2022.05.26"]
[Round "7.5"]
[White "Audi Ameya"]
[Black "Mirzoev, Azer"]
[Result "0-1"]
[ECO "C54"]
[WhiteElo "2389"]
[BlackElo "2476"]
[Annotator "TA"]
[PlyCount "164"]
[EventDate "2022.05.15"]
[EventType "swiss"]
[EventCountry "IND"]
[SourceTitle "playchess.com"]
[Source "ChessBase"]
[SourceQuality "1"]
[TimeControl "5400+30"]

1. e4 e5 2. Nf3 Nc6 3. Bc4 Bc5 4. c3 Nf6 5. d3 d6 6. O-O Bb6 {[%emt 0:00:29] 6...h6 is setting a new trend.} 7. a4 h6 {[%emt 0:03:56] C54: Giuoco Piano: 4 c3 Nf6, main lines with 5 d4 and 5 d3.} 8. Re1 O-O 9. Nbd2 a6 {[%emt 0:01:46] The position is equal.} 10. Bb3 Re8 11. h3 Be6 12. Bc2 Ne7 (12... a5 $11) 13. d4 Ng6 14. a5 Ba7 15. Nf1 c6 16. Ng3 {[%emt 0:00:53] [#]} Bb8 $146 ({Predecessor:} 16... Qc7 17. Be3 Rad8 18. Qe2 Qb8 19. Rad1 Bc8 20. b4 b5 21. axb6 Bxb6 22. Bb3 Qc7 {½-½ (55) Popov,I (2609)-Pridorozhni,A (2565) Sochi 2017}) 17. Be3 Bc7 18. Qc1 (18. b4 {keeps more tension.} Bc4 19. Nf5 d5 20. dxe5 Nxe5 21. Bd4) 18... Qe7 19. Ra4 Rad8 20. c4 Qf8 (20... exd4 $11 21. Nxd4 Qd7) 21. Bb1 Rc8 22. c5 exd4 23. Bxd4 {[%emt 0:00:00] Strongly threatening cxd6.} Nd7 $1 24. Nh5 (24. cxd6 $14 Bxd6 25. e5) 24... Nge5 $11 25. Nxe5 dxe5 26. Be3 Kh7 27. Ra3 g6 28. Ng3 Nf6 29. Bd2 Rcd8 30. Rf3 Ng8 31. b4 f6 32. Nf1 Rd7 33. Ne3 Red8 34. Bc3 h5 35. g4 Qh6 36. Kg2 Kh8 37. Rh1 Rh7 38. Bc2 hxg4 39. Nxg4 Qxc1 40. Rxc1 Kg7 41. Rd1 Rxd1 42. Bxd1 Rh4 43. Rd3 Kf7 44. Be1 Rh7 45. Bc3 Ke7 46. Rg3 Rh4 47. Bc2 Kf7 48. Rf3 Ke7 49. Kg3 g5 50. Kg2 Rh8 51. Bd3 Rh4 52. Ne3 Nh6 53. Bc2 Nf7 54. Nf5+ Bxf5 55. Rxf5 Nd8 56. Rf3 Ne6 57. Kh2 Nd4 58. Bxd4 exd4+ {[%emt 0:00:04][%mdl 4096] Endgame KRB-KRB} 59. Kg2 Bf4 60. Rd3 {[%emt 0:00:32] Inhibits Bd2.} Be5 61. f3 Rh8 62. Bd1 Rd8 63. Bb3 Bf4 64. Bc2 {[%emt 0:00:37] Black converts the advantage convincingly.} ({White should play} 64. Bc4 $15) 64... Ke6 $17 65. Bb3+ Ke5 66. Bf7 Bc1 $1 67. Bh5 Kf4 68. Kf2 (68. Bg6 $17) 68... Bb2 $1 $19 69. Rb3 $2 {[%emt 0:00:12] [#]} (69. Ke2 {is a better chance.}) 69... d3 $1 70. Ke1 {[%emt 0:00:01] [#]} Bc1 $1 71. Kd1 Be3 72. Bg4 $2 (72. Bg6 Rd4 73. e5 fxe5 74. Rxd3) 72... Rd4 73. Be6 d2 74. Rb1 Kxf3 75. Kc2 Kxe4 76. Kd1 f5 77. Ke2 f4 78. Bg4 Rc4 79. Bf3+ Kd4 {[%emt 0:00:08] ( -> ...Rc1)} 80. Rb3 Rc1 81. Rd3+ Kc4 82. Rd7 Re1# {[%emt 0:00:13] Weighted Error Value: White=0.09 (flawless) /Black=0.08 (flawless)} 0-1

[Event "13th KIIT Festival-A 2022"]
[Site "Bhubaneswar"]
[Date "2022.05.26"]
[Round "7.6"]
[White "Eshan Bhattacharjee"]
[Black "Nikitenko, Mihail"]
[Result "0-1"]
[ECO "B17"]
[WhiteElo "1440"]
[BlackElo "2479"]
[Annotator "TA"]
[PlyCount "110"]
[EventDate "2022.05.15"]
[EventType "swiss"]
[EventCountry "IND"]
[SourceTitle "playchess.com"]
[Source "ChessBase"]
[SourceQuality "1"]
[TimeControl "5400+30"]

1. e4 c6 2. Nc3 d5 3. Nf3 dxe4 4. Nxe4 Nd7 5. d4 Ngf6 6. Nxf6+ Nxf6 7. Bd3 Bg4 8. c3 e6 9. h3 Bh5 10. Bf4 {[%emt 0:01:14] B17: Caro-Kann: Modern Line (4...Nd7).} Bd6 11. Bxd6 Qxd6 12. Qe2 {[%emt 0:05:08] The position is equal.} O-O-O {[%emt 0:00:20] [#]} 13. g4 $146 ({Predecessor:} 13. O-O-O Nd5 14. g4 Nf4 15. Qe3 Nxd3+ 16. Qxd3 Bg6 17. Qe2 Qd5 18. Ne5 Qxa2 19. Nxg6 {1-0 (62) Esadze,T (1600)-Zhang,X Al Ain 2013}) 13... Bg6 14. Ne5 {[%emt 0:00:09] And now Bxg6 would win.} Bxd3 15. Nxd3 Qd5 16. f3 Nd7 17. Qe4 Qa5 18. f4 Nf6 19. Qe5 Rd5 (19... Qd5 {seems wilder.} 20. O-O h5 21. g5 Ne4) 20. Qe2 (20. Qe3 $11 {was the only way to keep the balance.}) 20... Rxd4 $1 $17 {[%emt 0:01:09] Hoping for ...Re4.} 21. b4 (21. O-O-O $17 Re4 22. Qf3) 21... Qd5 $1 $19 22. O-O-O {[%emt 0:01:10] [#]} Qe4 (22... Qc4 $1 $19 {Strongly threatening ...Rhd8.} 23. Kb2 Rd5) 23. Qxe4 Rxe4 24. Ne5 (24. Rhe1 $17) 24... Rf8 (24... Rxf4 25. Nxf7 Rf8 26. Ng5 $17) 25. Rd4 Rxd4 26. cxd4 {[%emt 0:00:04][%mdl 4096] Endgame KRN-KRN} Nd5 27. Nd3 Nc3 28. Kd2 Nb5 ({Don't play} 28... Nxa2 29. Ra1 $16) 29. Ke3 Rd8 30. Ne5 (30. Rc1 $17 {might work better.}) 30... Nxd4 (30... Rxd4 31. a4 $11) 31. Nxf7 Rd7 32. Ne5 Nc2+ 33. Ke2 Rd4 34. b5 Nb4 ({Don't do} 34... cxb5 35. Rc1 $16) (34... Rxf4 $19 {White must now prevent ...Nb4.} 35. bxc6 b6) 35. a3 (35. bxc6 $17 Rxf4 36. cxb7+ Kxb7 37. Rb1) 35... Rxf4 36. axb4 {[%emt 0:01:04] Nd3 is the strong threat. KRN-KR} Re4+ ({Weaker is} 36... Rxb4 37. Nd3 Rxb5 38. Rf1 $11) 37. Kd3 Rxe5 38. bxc6 bxc6 {[%emt 0:00:04] KR-KR} 39. Rf1 a5 40. bxa5 Rxa5 41. Kc4 {[%emt 0:00:11] [#]} (41. Rf8+ $142 Kd7 42. Rf7+ Kd6 43. h4) 41... Rd5 $1 42. Rf8+ Kc7 43. Rh8 (43. Rg8 {was worth a try.}) 43... h6 44. Rg8 Rg5 45. Kd4 c5+ 46. Kc4 Kd6 47. Rd8+ Ke7 48. Rc8 Kf6 49. Rf8+ Kg6 50. Rc8 Re5 51. Rc7 $2 (51. Kd3) 51... Re3 {[%emt 0:00:23] Black is clearly winning.} 52. Rxc5 Rxh3 53. Re5 Kf6 54. Re4 e5 55. Kd5 Rd3+ {[%emt 0:00:07] Weighted Error Value: White=0.41/Black=0.12 (very precise)} 0-1

[Event "13th KIIT Festival-A 2022"]
[Site "Bhubaneswar"]
[Date "2022.05.26"]
[Round "7.7"]
[White "Saravana, Krishnan P."]
[Black "Nitin, S.."]
[Result "1/2-1/2"]
[ECO "D14"]
[WhiteElo "2269"]
[BlackElo "2399"]
[Annotator "TA"]
[PlyCount "61"]
[EventDate "2022.05.15"]
[EventType "swiss"]
[EventCountry "IND"]
[SourceTitle "playchess.com"]
[Source "ChessBase"]
[SourceQuality "1"]
[TimeControl "5400+30"]

1. d4 d5 2. c4 c6 3. Nf3 Nf6 4. cxd5 cxd5 5. Nc3 Nc6 6. Bf4 Bf5 7. e3 e6 8. Bd3 Bxd3 9. Qxd3 Bd6 10. Bxd6 Qxd6 11. O-O O-O 12. Rac1 Rac8 13. Ne2 {[%emt 0:00:05] The position is equal.} Ne7 {[%emt 0:00:06] D14: Slav Defence: Exchange variation with ...Bf5.} 14. a3 a6 15. h3 h6 16. Rxc8 Rxc8 17. Rc1 Rxc1+ 18. Nxc1 Ne4 19. Qc2 Qc6 20. Qxc6 Nxc6 $11 {[%emt 0:00:03][%mdl 4096] Endgame KNN-KNN} 21. Nd3 Kf8 22. Kf1 Ke7 23. Ke2 Kd6 24. Nd2 Nxd2 25. Kxd2 {[%emt 0:00:04] KN-KN} b6 26. b3 a5 {[%emt 0:00:04] [#]} 27. a4 $146 ({Predecessor:} 27. Kc3 f6 28. f3 Na7 29. Kc2 Nb5 30. a4 Nc7 {½-½ (30) Dao,T (2531)-Cao,S (2488) Tagaytay City 2013}) 27... g6 28. g3 h5 29. h4 f6 30. Nf4 Ne7 31. Nd3 {[%emt 0:00:06] An uneventful encounter.  Weighted Error Value: White=0.03 (flawless) /Black=0.03 (flawless)} 1/2-1/2

[Event "13th KIIT Festival-A 2022"]
[Site "Bhubaneswar"]
[Date "2022.05.26"]
[Round "7.8"]
[White "Karthikeyan, P.."]
[Black "Ram Aravind L N"]
[Result "1/2-1/2"]
[ECO "B42"]
[WhiteElo "2361"]
[BlackElo "2116"]
[Annotator "TA"]
[PlyCount "136"]
[EventDate "2022.05.15"]
[EventType "swiss"]
[EventCountry "IND"]
[SourceTitle "playchess.com"]
[Source "ChessBase"]
[SourceQuality "1"]
[TimeControl "5400+30"]

1. e4 c5 2. Nf3 e6 3. d4 cxd4 4. Nxd4 a6 5. Bd3 Bc5 6. Nb3 Be7 7. Nc3 d6 8. Qe2 {[%emt 0:02:23] B42: Sicilian: Kan Variation: 5 Bd3.} Qc7 9. Be3 Nf6 10. g4 {[%emt 0:03:28][%cal Bg2g4,Bg4g5][%mdl 32] White is slightly better.} Nc6 11. g5 Nd7 12. f4 Nc5 13. O-O-O $36 {[%emt 0:06:28][%mdl 2048] White has the initiative.} b5 14. Kb1 (14. Nxc5 $14 dxc5 15. e5) 14... Bb7 (14... b4 $11 {keeps the balance.} 15. Bxc5 dxc5) 15. Rhe1 {[%emt 0:07:11][%cal Oe4e5] [#]} Na5 $146 (15... O-O $14) ({Predecessor:} 15... Na4 16. Nxa4 bxa4 17. Nd4 Nxd4 18. Bxd4 e5 19. Be3 a3 20. f5 axb2 21. f6 gxf6 22. gxf6 {0-1 (70) Ulfarsson,M (2403)-Thorfinnsson,B (2387) Reykjavik 2008}) 16. f5 ({Better is} 16. Nxa5 $16 Qxa5 17. Nd5 $1) 16... b4 $2 {[%emt 0:10:04] [#]} ({Black should try} 16... Nxd3 $14 17. cxd3 (17. Qxd3 Nc4 $11) (17. Rxd3 Nxb3 18. axb3 b4 $11) 17... Nxb3 18. axb3 O-O) 17. Nd5 $1 exd5 18. Bxc5 (18. exd5 $18 Naxb3 19. f6 Bxd5 20. axb3) 18... Nxb3 $16 (18... dxc5 $2 19. exd5 (19. Nxa5 c4 $16) 19... O-O-O 20. Qxe7 Nxb3 21. axb3 (21. cxb3 Rxd5 22. Qxc7+ Kxc7 $18) 21... Bxd5 22. Bxa6+ Kb8 23. Bb5 $18) 19. Bxb4 (19. Bf2 $16 Bxg5 20. exd5+ (20. axb3 O-O $14) (20. cxb3 dxe4 21. Bxe4 O-O $11) 20... Kf8 21. axb3) 19... Nc5 $2 (19... Nd4 $14 20. Qg4 Nc6 21. exd5 Nxb4 22. Qxb4 f6 23. gxf6 gxf6) 20. exd5 $18 Bxd5 (20... O-O-O $142) 21. f6 {[%emt 0:05:26][%mdl 64] Pin} Be6 22. fxe7 Qxe7 23. Bxc5 dxc5 24. Qe4 Rd8 25. h4 {[%emt 0:05:15] Strongly threatening Qc6+.} g6 26. Qa4+ Kf8 27. Qa5 {[%emt 0:02:57][%cal Od3g6] And now Bxg6! would win.} (27. Qxa6 Kg7 $16) (27. Bxa6 h6) 27... Kg7 28. Qc3+ (28. Qxa6 Ra8 29. Qc4 Bxc4 $11) 28... Rd4 29. Bc4 Rhd8 30. Bxe6 (30. Bxa6 Qa7 31. Rxd4 Rxd4 $11) 30... fxe6 31. b3 Kg8 (31... e5 $16 32. Rxd4 cxd4) 32. Rxd4 Rxd4 {[%emt 0:03:22][%mdl 4096] Endgame KQR-KQR} 33. Re5 $1 Rd5 34. Re4 e5 35. Qc4 {[%emt 0:00:34][%csl LRa6,LRd5] Inhibits Rd4.} Qe6 (35... Qd6 $16 36. Kc1 h5) 36. Kb2 Kg7 37. Re3 h6 38. Rd3 Rd6 39. Qxe6 (39. Qxc5 $6 Rxd3 40. cxd3 hxg5 $18) 39... Rxe6 {[%emt 0:00:01] KR-KR} 40. Rd7+ Kh8 41. gxh6 e4 42. Kc1 e3 43. Kd1 Re4 44. Ke2 Rxh4 45. Kxe3 Rxh6 46. Rc7 Rh3+ 47. Kd2 Rh2+ 48. Kd3 Rh3+ 49. Kc4 Rh2 (49... Rh4+ {was necessary.} 50. Kd5 (50. Kxc5 g5 $16) 50... Rh5+ 51. Kd6 Rh6) 50. Kc3 $1 ({Avoid the trap} 50. Kxc5 $2 Rxc2+ 51. Kd6 Rxc7 52. Kxc7 g5 $19) 50... Rh3+ {[%emt 0:00:05] [#]} 51. Kb2 $1 Rh5 {[%emt 0:00:01] [#]} (51... a5 {is a better defense.} 52. Ra7 (52. Rxc5 Rh5 $18) 52... g5) 52. a4 $1 Re5 $2 (52... g5 53. Rxc5 Kg7) 53. Rc6 Kg7 54. Rxa6 g5 55. Ra7+ Kg6 56. Ra8 Kg7 57. a5 g4 58. a6 {[%emt 0:00:09] Intending Rb8 and mate.} Re6 59. a7 {[%emt 0:01:03] Threatening mate with Rd8.} Ra6 60. Rc8 $2 (60. Kc3 $18 Ra1 61. Re8 Rxa7 62. Re4) 60... Rxa7 $11 {[%emt 0:00:00] The position is equal.} 61. Rxc5 {[%emt 0:00:10] aiming for Rg5+.} Kf6 {[%emt 0:00:00] Prevents Rg5.} 62. Rd5 g3 63. c4 g2 64. Rd1 Rg7 65. Rg1 Ke5 66. Kc3 Rg3+ 67. Kb4 Kd4 68. c5 {[%emt 0:00:12] Hoping for c6.} Kd5 {[%emt 0:00:00] White really could win this.  Weighted Error Value: White=0.27 (precise) /Black=0.43} 1/2-1/2

[Event "13th KIIT Festival-A 2022"]
[Site "Bhubaneswar"]
[Date "2022.05.26"]
[Round "7.9"]
[White "Kiran, Manisha Mohanty"]
[Black "Aaryan Varshney"]
[Result "1/2-1/2"]
[ECO "B95"]
[WhiteElo "2098"]
[BlackElo "2308"]
[Annotator "TA"]
[PlyCount "61"]
[EventDate "2022.05.15"]
[EventType "swiss"]
[EventCountry "IND"]
[SourceTitle "playchess.com"]
[Source "ChessBase"]
[SourceQuality "1"]
[TimeControl "5400+30"]

1. e4 c5 2. Nf3 d6 3. d4 cxd4 4. Nxd4 Nf6 5. Nc3 a6 6. Bg5 e6 7. Qe2 Be7 8. h4 {[%emt 0:00:22] B95: Sicilian Najdorf: 6 Bg5 e6, unusual White 7th moves.} b5 9. a3 Bb7 10. O-O-O Nbd7 11. Rh3 Rc8 12. Kb1 h6 {[%emt 0:00:13] [#]} 13. Bd2 $146 ({Predecessor:} 13. Bc1 h5 14. Qe1 Qc7 15. Bg5 O-O 16. f3 Nc5 17. Qe3 g6 18. Bd3 e5 19. Nde2 Nxd3 20. Qxd3 {½-½ (35) Alekseenko,K (2699)-Van Wely,L (2620) Chalons en Champagne 2021}) 13... h5 {[%emt 0:00:13] Against g4} 14. Bg5 g6 15. f4 Qc7 16. Nb3 (16. Rhd3 $5 ) 16... O-O 17. Rhd3 Nb6 (17... Rfd8 $11) 18. f5 $1 $14 Nc4 19. Nd4 Qd7 20. Rg3 {[%emt 0:00:00] Black must now prevent Bxf6.} Ng4 21. Rxg4 hxg4 22. f6 (22. Qxg4 $16 {Hoping for f6.} exf5 23. Nxf5 gxf5 24. exf5) 22... Bd8 ({Better is} 22... Bxf6 $1 $11 23. Bxf6 e5) 23. Qxg4 $16 {[%emt 0:00:00] Bxc4 is the strong threat. White is more active.} Ne5 (23... Nxa3+ $16 24. bxa3 Rxc3) 24. Qf4 $18 Qc7 $2 (24... Kh7 {keeps fighting.}) 25. Bh6 $2 (25. h5 $18) 25... Nd7 $1 $14 (25... Re8 $2 26. Bg7 Bxf6 27. Bxf6 $18) 26. Bg7 {[%emt 0:00:00] Threatening mate with Qh6.} Bxf6 27. Bxf6 $16 {[%emt 0:00:00] Threatens to win with Be7. Really sharp!} e5 {[%emt 0:00:16] [#]} 28. Qg5 Nxf6 $11 29. Qxf6 (29. Ndxb5 $1 $11 Qe7 30. Nxd6 Rxc3 31. bxc3) 29... exd4 $15 30. Qxd4 Rfd8 (30... Qc5 $17) 31. h5 {[%emt 0:00:00] Weighted Error Value: White=0.39/Black=0.38} 1/2-1/2